 Dungeon Crawl Stone Soup version 0.22-a0-159-g7ce444f (webtiles) character file.

23 wolfsongas the Skirmisher (level 2, -1/24 HPs)
             Began as a Demonspawn Fighter on Feb 9, 2018.
             Slain by Natasha (5 damage)
             ... on level 2 of the Dungeon.
             The game lasted 00:01:12 (929 turns).

wolfsongas the Skirmisher (Demonspawn Fighter)       Turns: 929, Time: 00:01:12

Health: -1/24      AC:  7    Str: 16    XL:     2   Next: 75%
Magic:  2/2        EV:  6    Int:  9    God:
Gold:   47         SH:  8    Dex: 12    Spells: 1/1 levels left

rFire    . . .     SeeInvis .   a - +0 flail
rCold    . . .     Gourm    .   c - +0 shield
rNeg     . . .     Faith    .   b - +0 scale mail
rPois    .         Spirit   .   (no helmet)
rElec    .         Reflect  .   (no cloak)
rCorr    .         Harm     .   (no gloves)
MR       .....                  (no boots)
Stlth    ..........             (no amulet)
HPRegen  0.08/turn              (no ring)
MPRegen  0.08/turn              (no ring)

@: slowed, very slow
A: rugged brown scales 1
a: no special abilities


You were on level 2 of the Dungeon.
You were not hungry.

You visited 1 branch of the dungeon, and saw 2 of its levels.

You collected 47 gold pieces.

Inventory:

Hand Weapons
 a - a +0 flail (weapon)
Armour
 b - a +0 scale mail (worn)
 c - a +0 shield (worn)
Scrolls
 e - a scroll of magic mapping
 h - 2 scrolls of blinking
 j - a scroll of teleportation {unknown}
 k - a scroll of enchant weapon {unknown}
Potions
 d - a potion of might
 g - a potion of lignification
Comestibles
 f - 5 rations
 i - 4 chunks of flesh


   Skills:
 - Level 3.0 Fighting
 * Level 2.7 Maces & Flails
 - Level 2.6 Armour
 + Level 3.0 Shields


You had one spell level left.
You didn't know any spells.

Dungeon Overview and Level Annotations

Branches:
Dungeon (2/15)

Altars:

Annotations:
D:2 Natasha


Innate Abilities, Weirdness & Mutations

You are partially covered in rugged brown scales. (AC +1, +3% HP)


Message History

You are too injured to fight recklessly!
You are too injured to fight recklessly!
You are too injured to fight recklessly!
You are too injured to fight recklessly!
You are too injured to fight recklessly!
You are too injured to fight recklessly!
You are too injured to fight recklessly!
You are too injured to fight recklessly!
You are too injured to fight recklessly!
You are too injured to fight recklessly!
You are too injured to fight recklessly!
You are too injured to fight recklessly!
You are too injured to fight recklessly!
You closely miss Natasha. Natasha claws you.
* * * LOW HITPOINT WARNING * * *
Natasha stares at you and mumbles some strange words.
The magic dart hits you!
* * * LOW HITPOINT WARNING * * *
You closely miss Natasha. Natasha claws you.
You die...

#.# #.#########
#..........
#.######### ##.###
#....# ####### #....#
.......######....###
.......@.............
......h##############
....... ####.## #. ?
. ######### ..
........# ........#


You could see Natasha.

Vanquished Creatures
  An ooze (D:1)
  A dart slug (D:2)
  4 bats
  A giant cockroach (D:1)
  5 goblins
  A hobgoblin (D:1)
  2 kobolds (D:1)
  2 rats (D:1)
17 creatures vanquished.

Notes
Turn   | Place    | Note
-------+----------+-------------------------------------------
     0 | D:1      | wolfsongas the Demonspawn Fighter began the quest for the Orb.
     0 | D:1      | Reached XP level 1. HP: 18/18 MP: 1/1
   171 | D:1      | Gained mutation: You are partially covered in rugged brown scales. (AC +1, +3% HP) [demonic ancestry]
   171 | D:1      | Reached XP level 2. HP: 16/24 MP: 2/2
   922 | D:2      | Noticed Natasha
   929 | D:2      | Slain by Natasha

Vault maps used:
D:1:      minmay_arrival_five_plusses
D:2:      fedhas_altar_2, uniq_natasha

Skill      XL: |  1  2 |
---------------+-------+-----
Maces & Flails | 2 |  2.7
Shields        | 3 |  3.0
Fighting       | |  3.0
Armour         | |  2.6

Action                   || total
-------------------------++-------
Melee: Flail             ||    63
  Use: Scroll            ||     4
Armor: Scale mail        ||    41
Dodge: Dodged            ||    13
Block: Shield            ||    31

Table legend:
 A = Spawn XP
 B = Non-spawn XP
 C = Spawn XP percentage of total XP
 D = Spawn monster count
 E = Non-spawn monster count
 F = Spawn count percentage of total count
 G = Total turns spent on level
                    A         B        C        D         E        F      G
               +---------+---------+-------+---------+---------+-------+---------
         Total |       0 |      34 |   0.0 |       0 |      17 |   0.0 |   929
               +---------+---------+-------+---------+---------+-------+---------
           D:1 |       0 |      27 |   0.0 |       0 |      14 |   0.0 |   797
           D:2 |       0 |       7 |   0.0 |       0 |       3 |   0.0 |   132
               +---------+---------+-------+---------+---------+-------+---------
